cohdb
Replays
Latest Replays
All Replays
Popular Replays
Top Player Replays
Match Explorer
How It Works
Community
CoH3 Stats
Reddit
Sign in to upload your games and track your stats! →
Sign in with Steam
Match 41529130
Unlisted
Match 41529130
Overview
Messages
Build Orders
End
Panzergrenadier Squad
Selects Italian Infantry
Panzergrenadier Squad
250 Light Carrier
Construct Light Support Kompanie
2.5-tonne Medical Truck
Combat Half-tracks
MG34 Team
Fire Support Elements
le.IG 18 Mechanized Group
Veteran Squad Leaders
Selects Guastatori Squad
Vehicle Survival Package
Construct Mechanized Kompanie
Emergency Repair Kits
Marder III Tank Destroyer
Selects Registered Artillery
Selects Towed Cannone da 105/28 Field Howitzer
Towed Cannone da 105/28 Field Howitzer
Tungsten Core Ammunition
Registered Artillery
Construct Panzerarmee Kommand
Guastatori Squad
Flakvierling Half-track
Rapid Advance
Guastatori Squad
Selects Defensive Operations
Selects Prepared Positions
Selects Obice 305mm Barrage
Obice 305mm Barrage
2.5-tonne Medical Truck
Advanced Field Repairs
Armored Reserves
Registered Artillery
Tiger Heavy Tank
Obice 305mm Barrage
Panzer III L Medium Tank
2.5-tonne Medical Truck
[PD]Lurgi
[PD] Ducktus
Smokey
[PD] DerSchonWieder
STALKER4732
SoyaLors
ezh
Devochkin
0
0
Comments
sign in to comment!
No comments posted yet!